 Dungeon Crawl Stone Soup version 0.28-a0-1199-gef9e1dbd39 (webtiles) character file.

Game seed: 9009036271851414205

100 cal3b6 the Cudgeller (level 4, 0/44 HPs)
             Began as a Troll Fighter on Dec 19, 2021.
             Slain by an orc priest (5 damage)
             ... on level 3 of the Dungeon.
             The game lasted 00:09:56 (1779 turns).

cal3b6 the Cudgeller (Troll Fighter)                Turns: 1779, Time: 00:09:57

Health: 0/44       AC:  4    Str: 26    XL:     4   Next: 47%
Magic:  0/3        EV:  8    Int:  4    God:
Gold:   51         SH:  7    Dex:  9    Spells: 3/3 levels left

rFire   . . .      SeeInvis .   a - +0 flail
rCold   . . .      Faith    .   c - +0 kite shield
rNeg    . . .      Spirit   +   b - +0 robe
rPois   .          Reflect  .   (helmet restricted)
rElec   .          Harm     .   (no cloak)
rCorr   .          Rampage  .   (gloves unavailable)
Will    .....                   (boots unavailable)
Stlth   +.........              e - amulet of guardian spirit
HPRegen 0.94/turn               (no ring)
MPRegen 0.08/turn               (no ring)

@: about to teleport
A: large, unfitting armour, claws 3, regeneration 1, shaggy fur 1, tough skin 1
a: no special abilities


You were on level 3 of the Dungeon.
You visited 1 branch of the dungeon, and saw 3 of its levels.

You collected 111 gold pieces.
You spent 60 gold pieces at shops.

Inventory:

Hand Weapons
 a - a +0 flail (weapon)
Armour
 b - a +0 robe (worn)
 c - a +0 kite shield (worn)
 f - a scarf of repulsion
Jewellery
 e - an amulet of guardian spirit (around neck)
Scrolls
 i - a scroll of brand weapon {unknown}
 j - a scroll of enchant armour {unknown}
 k - a scroll of blinking {unknown}
Potions
 d - a potion of might
 g - 2 potions of lignification
 h - a potion of curing {unknown}
 l - a potion of ambrosia {unknown}


   Skills:
 + Level 2.8 Fighting
 * Level 3.2 Maces & Flails
 + Level 2.7 Dodging
 + Level 0.1 Stealth
 * Level 2.9 Shields


You had 3 spell levels left.
You didn't know any spells.
Your spell library contained the following spells:

 Spells                   Type           Power      Damage    Failure   Level
 Corpse Rot               Necr/Air       0%         N/A       97%         2
 Poisonous Vapours        Pois/Air       0%         N/A       97%         2


Dungeon Overview and Level Annotations

Branches:
Dungeon (3/15)

Altars:

Shops:
D:2 ?


Innate Abilities, Weirdness & Mutations

You are too large for most types of armour.
You have claws for hands.
Your natural rate of healing is unusually fast.
You are covered in fur. (AC +1)
You have tough skin. (AC +1)


Message History

The orc priest barely misses you.
You closely miss the orc priest.
The orc priest is moderately wounded.
You block the orc priest's attack.
You closely miss the orc priest.
The orc priest is moderately wounded.
You block the orc priest's attack. The orc priest closely misses you.
You hit the orc priest.
The orc priest is heavily wounded.
An orc wizard appears from thin air!
Reactivating autopickup.
The orc priest hits you with a +0 flail.
The orc wizard gestures wildly while chanting.
The orc wizard flickers and vanishes!
Deactivating autopickup; reactivate with Ctrl-A.
You hit the orc priest.
The orc priest is almost dead.
The orc priest barely misses you.
The orc priest invokes the aid of Beogh against you.
Pain shoots through your body!
You barely miss the orc priest.
The orc priest is almost dead.
The orc priest hits you with a +0 flail!
* * * LOW HITPOINT WARNING * * *
You hit the orc priest but do no damage.
The orc priest is almost dead.
The orc priest looks encouraged for a moment.
You block the orc priest's attack.
You closely miss the orc priest.
The orc priest is almost dead.
The orc priest calls down the wrath of Beogh upon you.
You barely resist. You completely miss the orc priest.
The orc priest is almost dead.
The orc priest hits you with a +0 flail!
* * * LOW HITPOINT WARNING * * *
As you read the scroll of teleportation, it crumbles to dust.
You feel strangely unstable.
The orc priest hits you with a +0 flail.
You die...

#.#.#######.##.#
#.#......<#.##.#
#.#########.##.#
#.# #.##.#
...o... #.#
#.##.# .>.o.o.
#.#########.##.#
....o.r
#...........##.#
....o..
##############.#
...(... #@#
.......
##o##.......
#J5w{.......
#r{.........
#...........
#...........
##+###......
...... ......


You could see an orc priest, a shadow imp, a dart slug, an endoplasm and a rat.

Vanquished Creatures
  Jessica (D:2)
  An adder (D:2)
  A dart slug (D:2)
  An orc (D:3)
  6 ball pythons
  8 bats (D:1)
  An endoplasm (D:2)
  3 giant cockroaches
  4 goblins
  3 hobgoblins
  9 jackals
  A quokka (D:2)
  6 frilled lizards
  7 kobolds
  6 rats (D:1)
58 creatures vanquished.

Vanquished Creatures (others)
  2 withered plants (D:1)
2 creatures vanquished.

Grand Total: 60 creatures vanquished

Notes
Turn   | Place    | Note
-------+----------+-------------------------------------------
     0 | D:1      | cal3b6 the Troll Fighter began the quest for the Orb.
     0 | D:1      | Reached XP level 1. HP: 22/22 MP: 0/0
    60 | D:1      | Reached XP level 2. HP: 29/29 MP: 1/1
    62 | D:1      | Reached skill level 2 in Maces & Flails
   237 | D:1      | Reached XP level 3. HP: 36/36 MP: 2/2
   254 | D:1      | Found a faded altar of an unknown god.
  1181 | D:2      | Found Xuytuc's Magic Scroll Shoppe.
  1195 | D:2      | Bought a scroll of teleportation for 36 gold pieces
  1195 | D:2      | Bought a scroll of identify for 24 gold pieces
  1267 | D:2      | Noticed Jessica
  1278 | D:2      | Killed Jessica
  1279 | D:2      | Reached skill level 3 in Maces & Flails
  1279 | D:2      | Reached XP level 4. HP: 22/44 MP: 3/3
  1779 | D:3      | Slain by an orc priest

Illustrated notes

Levels and vault maps discovered:
D:1:      psy_arrival_fountain, layout_rooms,
          ebering_ecumenical_altar_petrified, st_stairs_7, minmay_cut_off
D:2:      layout_loops_corners, serial_shops, nicolae_lakefront_shop,
          uniq_jessica
D:3:      layout_basic, wad_floor_pattern_1, uniq_natasha, uniq_terence

Skill      XL: |  1  2  3 |
---------------+----------+-----
Maces & Flails | 2 3 |  3.2
Fighting       | |  2.8
Dodging        | |  2.7
Stealth        | |  0.1
Shields        | |  2.9

Action                   |  1- 3 |  4- 6 || total
-------------------------+-------+-------++-------
Melee: Flail             |   151 |    58 ||   209
  Use: Scroll            |     1 |     1 ||     2
Armor: Robe              |    75 |    21 ||    96
Dodge: Dodged            |    75 |    24 ||    99
Block: Kite shield       |    66 |    19 ||    85

Table legend: (Time is in decaauts)
 A = Elapsed time spent in this place.
 B = Non-inter-level travel time spent in this place.
 C = Inter-level travel time spent in this place.
 D = Time resting spent in this place.
 E = Time spent auto-exploring this place.
 F = Levels seen in this place.
 G = Mean time per level.
                   A        B        C        D        E       F      G
               +--------+--------+--------+--------+--------+-----+--------+
         Total |   1879 |   1831 |     48 |    123 |   1180 |   3 |  626.3 |
       Dungeon |   1879 |   1831 |     48 |    123 |   1180 |   3 |  626.3 |
               +--------+--------+--------+--------+--------+-----+--------+

Top non-repeatable levels by time:
     D:2: 1027 daAuts
     D:1: 704 daAuts
     D:3: 148 daAuts
